[Event "Titled Tuesday Blitz March 22 Late 2022"]
[White "Holt, Conrad"]
[Black "Debray, Christopher"]
[WhiteFideId "2034387"]
[BlackFideId "630810"]
[WhiteElo "2586"]
[BlackElo "2393"]
[Result "1-0"]
[Round "01"]
[TimeControl "180+1"]
[Date "2022.03.22"]
[WhiteClock "0:00:49"]
[BlackClock "0:00:01"]

1. d4 d5 2. c4 dxc4 3. e3 Nf6 4. Bxc4 e6 5. Nf3 a6 6. O-O b5 7. Be2 Bb7 8. a4 b4 9. Nbd2 c5 10. Nb3 Nbd7 11. Bd2 a5 12. Bb5 cxd4 13. Nfxd4 Be7 14. Nc6 Bxc6 15. Bxc6 Rc8 16. Rc1 O-O 17. Qe2 Qb6 18. Qb5 Qxb5 19. Bxb5 Ra8 20. Rc7 Rfd8 21. Rfc1 Bd6 22. Rb7 Ne5 23. Kf1 Ne4 24. Be1 g5 25. f3 Nf6 26. Ke2 Rdc8 27. Rxc8+ Rxc8 28. Kd1 Nd5 29. Bd2 Ra8 30. f4 Ng6 31. g3 1-0


[Site "https://www.chess.com"]

[Event "Titled Tuesday Blitz March 22 Late 2022"]
[White "Horak, Martin"]
[Black "Costachi, Mihnea"]
[WhiteFideId "367095"]
[BlackFideId "1217518"]
[WhiteElo "1997"]
[BlackElo "2464"]
[Result "0-1"]
[Round "01"]
[TimeControl "180+1"]
[Date "2022.03.22"]
[WhiteClock "0:00:02"]
[BlackClock "0:00:14"]

1. d4 c5 2. d5 g6 3. Nc3 Bg7 4. e4 d6 5. Nf3 a6 6. a4 Nf6 7. Be2 O-O 8. O-O e5 9. Nd2 Ne8 10. Nc4 f5 11. exf5 gxf5 12. f4 e4 13. Be3 Nd7 14. Qd2 b6 15. Rab1 Rb8 16. b4 b5 17. axb5 axb5 18. Na3 cxb4 19. Rxb4 Qa5 20. Ncxb5 Ba6 21. Rfb1 Nef6 22. Nc4 Qd8 23. Nbxd6 Rxb4 24. Rxb4 Qa8 25. Nxf5 Kh8 26. Nxg7 Kxg7 27. Ne5 Qxd5 28. Qxd5 Nxd5 29. Nxd7 Nxb4 30. Nxf8 Bxe2 31. Ne6+ Kf6 32. Nd4 Bd1 33. Kf2 Bxc2 34. Nxc2 Nxc2 35. g4 Ke6 36. h4 Kf6 37. Bc5 Ke6 38. h5 Kd5 39. Ba7 Ke6 40. Kg3 Kf6 41. Kh4 Ke6 42. Kg3 Kf6 43. Kf2 Ke6 44. Ke2 Kd5 45. Kd2 Nb4 46. g5 Nc6 47. g6 h6 48. g7 Ne7 49. Ke3 Nf5+ 50. Kf2 Nxg7 51. Be3 Nxh5 52. Bc1 Nf6 53. Kg3 Kc4 54. Bb2 Nd5 55. f5 Kd3 56. f6 e3 57. f7 e2 58. f8=Q e1=Q+ 59. Qf2 Qe6 60. Qf3+ Kc2 61. Bd4 Qg6+ 62. Qg4 Qd3+ 63. Kh4 Ne7 64. Bg7 Nf5+ 65. Kh5 Qd5 0-1


[Site "https://www.chess.com"]

[Event "Titled Tuesday Blitz March 22 Late 2022"]
[White "Indjic, Aleksandar"]
[Black "Cervantes Landeiro, Thalia"]
[WhiteFideId "911925"]
[BlackFideId "3520498"]
[WhiteElo "2616"]
[BlackElo "2021"]
[Result "0-1"]
[Round "01"]
[TimeControl "180+1"]
[Date "2022.03.22"]
[WhiteClock "0:00:01"]
[BlackClock "0:00:31"]

1. Nf3 d5 2. e3 Nf6 3. c4 dxc4 4. Bxc4 e6 5. b3 c5 6. Bb2 Nc6 7. O-O Be7 8. a3 O-O 9. Bb5 Bd7 10. Be2 a6 11. Qc2 b5 12. d3 Rc8 13. Nbd2 Qb6 14. Rac1 Na5 15. Qb1 Nd5 16. Ne5 Be8 17. Kh1 f6 18. Nef3 Bg6 19. Ba1 c4 20. b4 Nc6 21. Ne4 Bxe4 22. dxe4 Nc7 23. e5 f5 24. Rcd1 Nd5 25. g3 a5 26. bxa5 Qxa5 27. e4 fxe4 28. Qxe4 Qxa3 29. Rxd5 exd5 30. Qxd5+ Kh8 31. Qe4 Qc5 32. Bd4 Nxd4 33. Nxd4 Qb6 34. Bd1 Bc5 35. Bc2 g6 36. Nf3 Qc6 37. Kg2 Qxe4 38. Bxe4 b4 39. Ng5 b3 40. f4 c3 41. Bd5 c2 42. Bxb3 Be3 43. Bxc2 Rxc2+ 44. Kh3 h6 45. Ne4 Rd8 46. Kg4 Rc1 47. Rf3 Bc5 48. Nf6 Be7 49. Ne4 Rc4 50. Re3 Kg7 51. Kf3 Rdc8 52. Kg4 h5+ 53. Kh3 Rc2 54. Rd3 Rd8 55. Rb3 Rc4 56. Rb7 Rxe4 57. Rxe7+ Kf8 58. Re6 Kf7 59. Rb6 g5 60. f5 Rxe5 61. Rb7+ Kf6 62. Rb6+ Kxf5 63. Rh6 g4+ 64. Kh4 Rd2 65. h3 gxh3 0-1


[Site "https://www.chess.com"]

[Event "Titled Tuesday Blitz March 22 Late 2022"]
[White "Iskusnyh, Sergei"]
[Black "Hartikainen, Jarmo"]
[WhiteFideId "4120027"]
[BlackFideId "503134"]
[WhiteElo "2492"]
[BlackElo "2107"]
[Result "1-0"]
[Round "01"]
[TimeControl "180+1"]
[Date "2022.03.22"]
[WhiteClock "0:00:58"]
[BlackClock "0:00:01"]

1. d4 Nf6 2. c4 g6 3. g3 Bg7 4. Bg2 O-O 5. Nc3 d6 6. Nf3 Nc6 7. O-O e5 8. dxe5 Nxe5 9. b3 Nfg4 10. Bb2 Nxf3+ 11. exf3 Ne5 12. f4 Nc6 13. Qd2 Bf5 14. Rfe1 Qc8 15. Nd5 Qd7 16. Re3 Rae8 17. Rae1 Rxe3 18. Rxe3 Re8 19. Bxg7 Rxe3 20. Nf6+ Kxg7 21. Nxd7 Rd3 22. Qb2+ Kh6 23. Qe2 Nd4 24. Qe1 Bxd7 25. h3 Bc6 26. Bxc6 bxc6 27. Qe7 Kg7 28. Qxc7 Rd1+ 29. Kg2 d5 30. Qxa7 dxc4 31. bxc4 1-0


[Site "https://www.chess.com"]

[Event "Titled Tuesday Blitz March 22 Late 2022"]
[White "Janaszak, Dawid"]
[Black "Sanal, Vahap"]
[WhiteFideId "1119206"]
[BlackFideId "6300545"]
[WhiteElo "2199"]
[BlackElo "2603"]
[Result "1-0"]
[Round "01"]
[TimeControl "180+1"]
[Date "2022.03.22"]
[WhiteClock "0:01:14"]
[BlackClock "0:01:46"]

1. e4 d6 2. Nc3 e5 3. Nge2 Nf6 4. g3 Be7 5. Bg2 O-O 6. h3 c6 7. d4 Nbd7 8. a4 b6 9. O-O Bb7 10. g4 a6 11. Ng3 Re8 12. g5 exd4 13. Qxd4 d5 14. gxf6 Bxf6 15. Qd1 d4 16. Nce2 c5 17. f4 g6 18. e5 Bxg2 19. Kxg2 Bg7 20. Qd3 Nf8 21. Qf3 Ra7 22. Bd2 Rc7 23. Ne4 Kh8 24. Nd6 Re6 25. Ng3 f5 26. Qd5 h5 27. Nf7+ Rxf7 28. Qxd8 Kg8 29. a5 b5 30. Qc8 c4 31. Bb4 1-0


[Site "https://www.chess.com"]

[Event "Titled Tuesday Blitz March 22 Late 2022"]
[White "Jaracz, Pawel"]
[Black "Silvestre, Christian"]
[WhiteFideId "1102222"]
[BlackFideId "30956269"]
[WhiteElo "2429"]
[BlackElo "2430"]
[Result "1-0"]
[Round "01"]
[TimeControl "180+1"]
[Date "2022.03.22"]
[WhiteClock "0:01:05"]
[BlackClock "0:00:01"]

1. d4 Nf6 2. c4 e6 3. Nc3 d5 4. Nf3 Be7 5. Bf4 O-O 6. Qc2 b6 7. cxd5 exd5 8. e3 c5 9. Rd1 c4 10. Ne5 Bb7 11. Be2 Nc6 12. Bf3 a6 13. g4 h6 14. h4 Bb4 15. g5 Ne4 16. Bxe4 dxe4 17. gxh6 g6 18. Qxe4 Na5 19. d5 Qe7 20. Rg1 Rae8 21. h5 Bd6 22. hxg6 fxg6 23. Rxg6+ Kh8 24. Rg7 Bxe5 25. Qh7# 1-0


[Site "https://www.chess.com"]

[Event "Titled Tuesday Blitz March 22 Late 2022"]
[White "Jaskolka, Tomasz"]
[Black "Matinian, Nikita"]
[WhiteFideId "1170791"]
[BlackFideId "24129100"]
[WhiteElo "2073"]
[BlackElo "2422"]
[Result "0-1"]
[Round "01"]
[TimeControl "180+1"]
[Date "2022.03.22"]
[WhiteClock "0:00:09"]
[BlackClock "0:00:10"]

1. d4 Nf6 2. Bf4 e6 3. e3 c5 4. Nf3 b6 5. Nbd2 Bb7 6. Nc4 d5 7. Nce5 Nbd7 8. Bb5 a6 9. Ng5 axb5 10. Nexf7 Qe7 11. Nxh8 e5 12. dxe5 Nxe5 13. Bxe5 Qxe5 14. f4 Qxb2 15. O-O b4 16. Nxh7 O-O-O 17. Nxf8 Rxf8 18. Ng6 Re8 19. Ne5 Kc7 20. Qd3 Re7 21. Rfb1 Qc3 22. Qxc3 bxc3 23. Rf1 Ne4 24. g4 g5 25. Rad1 gxf4 26. exf4 d4 27. g5 Nxg5 28. fxg5 Rxe5 29. h4 Re4 30. Rf7+ Kb8 31. Rh7 Rg4+ 32. Kf1 Rf4+ 33. Ke1 Ba6 34. Rd3 Bxd3 35. cxd3 Rf1+ 36. Kxf1 c2 37. g6 c1=Q+ 38. Kg2 Qd2+ 39. Kg1 Qxd3 40. h5 Qg3+ 41. Kf1 Qf3+ 42. Ke1 d3 43. Re7 Qh1+ 44. Kd2 Qxh5 45. g7 Qg6 46. Rd7 Qe8 47. Re7 Qg8 48. Kxd3 b5 49. Kc2 Qxa2+ 50. Kc3 Qg8 51. Kb2 b4 52. Kc2 c4 53. Kb2 c3+ 54. Kc2 Ka8 55. Rd7 Qe8 56. Re7 Qd8 57. Rd7 Qg8 58. Re7 Qh7+ 59. Kb3 c2 60. Re8+ Kb7 61. Re7+ Kb6 62. Re6+ Kc5 63. Re1 Qxg7 64. Kxc2 Qc3+ 65. Kd1 b3 66. Re2 b2 67. Rc2 b1=Q+ 68. Rc1 Qd3# 0-1


[Site "https://www.chess.com"]

[Event "Titled Tuesday Blitz March 22 Late 2022"]
[White "Jobava, Baadur"]
[Black "Riehle, Marco"]
[WhiteFideId "13601520"]
[BlackFideId "12904392"]
[WhiteElo "2617"]
[BlackElo "2462"]
[Result "1-0"]
[Round "01"]
[TimeControl "180+1"]
[Date "2022.03.22"]
[WhiteClock "0:00:05"]
[BlackClock "0:00:17"]

1. e4 e5 2. Nf3 Nf6 3. Nxe5 Nxe4 4. Qe2 Qe7 5. Qxe4 d6 6. d4 dxe5 7. dxe5 Nc6 8. Nc3 Qxe5 9. Bf4 Qxe4+ 10. Nxe4 Bf5 11. Bd3 O-O-O 12. O-O-O Bg6 13. a3 Be7 14. Rhe1 Rhe8 15. f3 Bf8 16. c3 f6 17. Bc2 Rxd1+ 18. Rxd1 Rd8 19. Re1 Re8 20. Bg3 h6 21. Bf2 Bf7 22. f4 f5 23. Nd2 Rxe1+ 24. Bxe1 g6 25. Nf3 Bd5 26. Nh4 Bf7 27. Bf2 a6 28. Kd2 Bd6 29. g3 Ne7 30. Bd4 Kd7 31. Bg7 h5 32. Nf3 Bd5 33. Ne5+ Ke6 34. c4 Be4 35. Bd1 c5 36. Kc3 Bc7 37. b4 Bd6 38. Nf3 b5 39. Ng5+ Kd7 40. Nxe4 fxe4 41. Bc2 e3 42. Bd3 Nf5 43. Bh8 bxc4 44. Bxc4 cxb4+ 45. axb4 h4 46. g4 Nh6 47. h3 Bxf4 48. Bxa6 Nf7 49. Bd4 Be5 50. Bxe5 Nxe5 51. Be2 Ke6 52. Kd4 Nc6+ 53. Kc5 Ne5 54. b5 g5 55. Kd4 Nd7 56. Kxe3 Ke5 57. Bf3 Nb6 58. Bg2 Nc4+ 59. Ke2 Nb6 60. Bf1 Ke4 61. Kd2 Kf3 62. Ke1 Nd5 63. Bd3 Kg3 64. Bf1 Kf3 65. Kd2 Kf2 66. Bc4 Nb6 67. Bd3 Kg2 68. Ke3 Kxh3 69. Kf3 Nd7 70. Bf1+ Kh2 71. Ke4 Kg1 72. Bh3 Kh2 73. Bf1 Kg3 74. Kf5 Kf2 75. Bd3 h3 76. Be4 Nc5 77. Bd5 h2 78. b6 Ke3 79. b7 Nxb7 80. Bxb7 Kd4 81. Kxg5 h1=Q 82. Bxh1 1-0


[Site "https://www.chess.com"]

[Event "Titled Tuesday Blitz March 22 Late 2022"]
[White "Johnson, Donald"]
[Black "Bluebaum, Matthias"]
[WhiteFideId "30949122"]
[BlackFideId "24651516"]
[WhiteElo "1724"]
[BlackElo "2550"]
[Result "0-1"]
[Round "01"]
[TimeControl "180+1"]
[Date "2022.03.22"]
[WhiteClock "0:00:14"]
[BlackClock "0:02:34"]

1. e4 c6 2. d4 d5 3. e5 Bf5 4. Nf3 e6 5. Be2 c5 6. c3 Nc6 7. O-O Bg6 8. Be3 cxd4 9. cxd4 Nge7 10. Nc3 Nf5 11. Qd2 Be7 12. Rfd1 O-O 13. Bg5 Nfxd4 14. Nxd4 Bxg5 15. f4 Be7 16. Kh1 Nxd4 17. Qxd4 Qb6 18. Qxb6 axb6 19. Nb5 Rfc8 20. Nd4 Be4 21. a3 g6 22. Rac1 Bc5 23. Nb3 Be3 24. Rxc8+ Rxc8 25. Bd3 Bxd3 26. Rxd3 Bxf4 27. g3 Bxe5 28. Nd4 Bxd4 29. Rxd4 Kf8 30. Rb4 Rc6 31. Kg2 Ke7 32. a4 e5 33. Rh4 h5 34. b4 f5 35. b5 Rc4 36. g4 Rxg4+ 37. Rxg4 hxg4 0-1


[Site "https://www.chess.com"]

[Event "Titled Tuesday Blitz March 22 Late 2022"]
[White "Jones, Gawain C B"]
[Black "Weber, Samuel"]
[WhiteFideId "409561"]
[BlackFideId "12924008"]
[WhiteElo "2657"]
[BlackElo "2215"]
[Result "1-0"]
[Round "01"]
[TimeControl "180+1"]
[Date "2022.03.22"]
[WhiteClock "0:01:05"]
[BlackClock "0:01:40"]

1. a3 Nf6 2. Nf3 d6 3. d4 Nbd7 4. Nc3 g6 5. e4 Bg7 6. Bc4 O-O 7. e5 dxe5 8. dxe5 Ng4 9. e6 Nb6 10. exf7+ Kh8 11. Qxd8 Rxd8 12. Bb3 c5 13. Be3 Nxe3 14. fxe3 c4 15. Ba2 Bxc3+ 16. bxc3 Kg7 17. O-O Be6 18. Ng5 Bd5 19. Rad1 h6 20. Rxd5 Rxd5 21. Ne6+ Kh7 22. f8=Q Rxf8 23. Nxf8+ Kg7 24. Ne6+ Kg8 25. Rf8+ Kh7 26. Rf7+ Kh8 27. a4 Ra5 28. Rf8+ Kh7 29. Rf7+ Kg8 30. Rg7+ Kh8 31. Rxg6 Rxa4 32. Rxh6+ Kg8 33. h4 Rxa2 34. Rg6+ Kf7 35. h5 Ra5 36. Ng5+ Kf8 37. h6 1-0


[Site "https://www.chess.com"]

[Event "Titled Tuesday Blitz March 22 Late 2022"]
[White "Kamsky, Gata"]
[Black "Vovk, Orest"]
[WhiteFideId "2000024"]
[BlackFideId "14113490"]
[WhiteElo "2645"]
[BlackElo "2203"]
[Result "1-0"]
[Round "01"]
[TimeControl "180+1"]
[Date "2022.03.22"]
[WhiteClock "0:00:38"]
[BlackClock "0:00:10"]

1. d4 e5 2. dxe5 Nc6 3. Nf3 Qe7 4. g3 Nxe5 5. Nxe5 Qxe5 6. Bg2 Qd6 7. Qxd6 Bxd6 8. c4 Bb4+ 9. Bd2 Bxd2+ 10. Kxd2 Nf6 11. Nc3 a6 12. c5 Rb8 13. Rhd1 b6 14. cxb6 Rxb6 15. b3 Bb7 16. Bxb7 Rxb7 17. Rac1 O-O 18. Ke1 Re8 19. f3 d6 20. Kf2 g6 21. Na4 Re5 22. e4 Rh5 23. Kg2 Rhb5 24. Rc6 Ra7 25. Rdc1 Rbb7 26. e5 Ne8 27. exd6 cxd6 28. Rc8 Re7 29. Kf2 Kg7 30. R8c6 a5 31. Nc3 Re5 32. f4 Re6 33. Kf3 Nf6 34. Rd1 d5 35. Rxe6 fxe6 36. Nb5 Rb7 37. Nd4 Rb6 38. Rc1 Ne4 39. Rc6 Rxc6 40. Nxc6 a4 41. bxa4 Nc5 42. a5 Na6 43. a3 Kf7 44. Nb4 Nc7 45. Ke3 Ke7 46. Kd4 Kd6 47. a4 g5 48. a6 gxf4 49. gxf4 h5 50. a7 h4 51. h3 Kd7 52. Kc5 Kc8 53. Kc6 d4 54. Nd3 Na8 55. a5 Nc7 56. a6 Na8 57. Nc5 Kd8 58. Kb7 1-0


[Site "https://www.chess.com"]

[Event "Titled Tuesday Blitz March 22 Late 2022"]
[White "Karas, Marek"]
[Black "Svane, Rasmus"]
[WhiteFideId "14928558"]
[BlackFideId "4657101"]
[WhiteElo "2271"]
[BlackElo "2645"]
[Result "0-1"]
[Round "01"]
[TimeControl "180+1"]
[Date "2022.03.22"]
[WhiteClock "0:00:31"]
[BlackClock "0:00:56"]

1. d4 d5 2. Nf3 e6 3. c4 a6 4. cxd5 exd5 5. Nc3 Nf6 6. Bg5 Be6 7. Bxf6 Qxf6 8. Qb3 Ra7 9. e3 Bd6 10. Be2 Nd7 11. O-O c6 12. Qc2 Qe7 13. Rab1 O-O 14. Bd3 h6 15. Bf5 Bxf5 16. Qxf5 Nf6 17. Ne5 Re8 18. f4 Raa8 19. Rbe1 Bb4 20. Rf3 Ne4 21. Rc1 Nd6 22. Qg4 f6 23. Ng6 Qf7 24. Nh4 f5 25. Qh3 Re6 26. Rg3 Rae8 27. Nf3 Rxe3 28. Ne5 Rxg3 29. hxg3 Qf6 30. Qh4 Qxh4 31. gxh4 Nb5 32. Nxb5 axb5 33. a3 Bd2 34. Rf1 Be3+ 35. Kh2 Bxd4 36. Nf3 Bxb2 0-1


[Site "https://www.chess.com"]

[Event "Titled Tuesday Blitz March 22 Late 2022"]
[White "Kohler, Aran"]
[Black "Wieczorek, Oskar"]
[WhiteFideId "1002856"]
[BlackFideId "1133950"]
[WhiteElo "2283"]
[BlackElo "2319"]
[Result "0-1"]
[Round "01"]
[TimeControl "180+1"]
[Date "2022.03.22"]
[WhiteClock "0:00:04"]
[BlackClock "0:00:33"]

1. e4 c5 2. Nf3 g6 3. c3 d5 4. e5 Nc6 5. d4 cxd4 6. cxd4 Bg4 7. Bb5 Qb6 8. Nc3 e6 9. Be3 Nh6 10. Bxc6+ Qxc6 11. O-O Nf5 12. h3 Bxf3 13. Qxf3 Be7 14. Rac1 Qa6 15. a3 Rc8 16. g4 Nh4 17. Qe2 Qxe2 18. Nxe2 Kd7 19. Rc3 Rxc3 20. Nxc3 Rc8 21. f4 Bxa3 22. Na4 Be7 23. Bf2 Nf3+ 24. Kg2 Nd2 25. Rd1 Ne4 26. Be3 Rc2+ 27. Kf3 b5 28. Nc5+ Bxc5 29. dxc5 a5 30. f5 Rxb2 31. c6+ Kxc6 32. Rc1+ Kb7 33. f6 a4 34. Bd4 Rb4 35. Ke3 Rc4 36. Rb1 b4 37. h4 Kc6 38. h5 a3 39. hxg6 hxg6 40. Ra1 Kb5 0-1


[Site "https://www.chess.com"]

[Event "Titled Tuesday Blitz March 22 Late 2022"]
[White "Kollars, Dmitrij"]
[Black "Rosen, Eric"]
[WhiteFideId "12909572"]
[BlackFideId "2032562"]
[WhiteElo "2584"]
[BlackElo "2362"]
[Result "1-0"]
[Round "01"]
[TimeControl "180+1"]
[Date "2022.03.22"]
[WhiteClock "0:00:45"]
[BlackClock "0:00:01"]

1. c4 e6 2. Nf3 d5 3. g3 Nf6 4. Bg2 dxc4 5. Qa4+ c6 6. Qxc4 b5 7. Qb3 Bb7 8. O-O Nbd7 9. d4 a6 10. Ne5 Nxe5 11. dxe5 Nd7 12. Bf4 Qc7 13. Nc3 c5 14. Ne4 Be7 15. a4 Bxe4 16. Bxe4 Rb8 17. axb5 axb5 18. Rfd1 O-O 19. Bxh7+ Kxh7 20. Qd3+ Kg8 21. Qxd7 Rfc8 22. Ra7 Qxd7 23. Rdxd7 Bf8 24. Rxf7 c4 25. Rfc7 b4 26. Rab7 c3 27. bxc3 Rxc7 28. Rxb8 bxc3 29. Bc1 Rd7 30. Ba3 Rf7 31. Rc8 c2 32. Bxf8 Rxf8 33. Rxc2 g5 34. Rc4 Re8 35. Rg4 Kf7 36. Rxg5 Rc8 37. Kg2 Rc2 38. e3 Re2 39. Rg4 Re1 40. Rf4+ Kg6 41. Rf6+ Kg5 42. h3 Re2 43. Rxe6 Kf5 44. Re8 Ra2 45. e6 Kf6 46. h4 Ra5 47. g4 Ra2 48. Kg3 Ra1 49. Kf4 Ra4+ 50. e4 Ra2 51. f3 Ra6 52. h5 Ra7 53. Rf8+ Kxe6 54. g5 Ra6 55. Rf6+ 1-0


[Site "https://www.chess.com"]

[Event "Titled Tuesday Blitz March 22 Late 2022"]
[White "Kosteniuk, Alexandra"]
[Black "Milanovic, Marko"]
[WhiteFideId "4128125"]
[BlackFideId "980129"]
[WhiteElo "2469"]
[BlackElo "2159"]
[Result "1-0"]
[Round "01"]
[TimeControl "180+1"]
[Date "2022.03.22"]
[WhiteClock "0:01:55"]
[BlackClock "0:01:41"]

1. d4 d5 2. Nf3 Nf6 3. c4 c6 4. Nc3 e6 5. e3 Nbd7 6. b3 Bd6 7. Bb2 b6 8. Qc2 O-O 9. Bd3 Bb7 10. O-O Rc8 11. Rac1 Qe7 12. Rfd1 e5 13. e4 exd4 14. Nxd4 Qe5 15. Nf3 Qh5 16. h3 Rfe8 17. exd5 cxd5 18. Be2 Ne5 19. Nxd5 Qg5 20. Nxg5 1-0


[Site "https://www.chess.com"]

[Event "Titled Tuesday Blitz March 22 Late 2022"]
[White "Koutlas, Nikolaos"]
[Black "Szpar, Milosz"]
[WhiteFideId "25827138"]
[BlackFideId "1184989"]
[WhiteElo "1610"]
[BlackElo "2447"]
[Result "0-1"]
[Round "01"]
[TimeControl "180+1"]
[Date "2022.03.22"]
[WhiteClock "0:00:15"]
[BlackClock "0:00:44"]

1. Nf3 c5 2. c4 Nc6 3. b3 d6 4. d4 cxd4 5. Nxd4 Nf6 6. Nc3 Qa5 7. Bb2 g6 8. e3 Bg7 9. Be2 h5 10. O-O h4 11. h3 Bd7 12. Bf3 Rb8 13. a3 Ne5 14. Be2 g5 15. b4 Qc7 16. Rc1 g4 17. hxg4 Nexg4 18. Nd5 Qd8 19. Nb5 h3 20. Bxg4 Bxg4 21. Nbc7+ Kf8 22. Bxf6 Bxd1 23. Bxe7+ Qxe7 24. Nxe7 Bg4 25. f3 hxg2 26. Rf2 Rh1+ 27. Kxg2 Rxc1 28. fxg4 Kxe7 29. Nd5+ Kf8 0-1


[Site "https://www.chess.com"]

[Event "Titled Tuesday Blitz March 22 Late 2022"]
[White "Krstulovic, Alex"]
[Black "Bernal Moro, Luis Javier"]
[WhiteFideId "760056"]
[BlackFideId "2200236"]
[WhiteElo "2193"]
[BlackElo "2373"]
[Result "1-0"]
[Round "01"]
[TimeControl "180+1"]
[Date "2022.03.22"]
[WhiteClock "0:00:49"]
[BlackClock "0:00:26"]

1. e4 c5 2. Nf3 e6 3. d4 cxd4 4. Nxd4 Nc6 5. Nc3 a6 6. Be3 Nf6 7. a3 d6 8. g4 Be7 9. g5 Nd7 10. h4 O-O 11. f4 Nxd4 12. Bxd4 e5 13. Be3 exf4 14. Bxf4 Ne5 15. Be2 Be6 16. Qd2 Rc8 17. h5 f6 18. g6 hxg6 19. O-O-O g5 20. Bg3 Qa5 21. Kb1 Rxc3 22. Qxc3 Qxc3 23. bxc3 Rc8 24. Be1 Bd7 25. h6 g6 26. Bg3 Bc6 27. Bxe5 dxe5 28. h7+ Kh8 29. Bf3 Bxa3 30. Rh6 Be8 31. Bg4 Rb8 32. Be6 Bf8 33. Rh2 Be7 34. Rhd2 a5 35. Bd7 Bf7 36. Ba4 Be6 37. Bb3 Bxb3 38. cxb3 Kxh7 39. Rd7 Re8 40. Rxb7 g4 41. Rdd7 Kh6 42. Rxe7 Rxe7 43. Rxe7 g3 44. Rd7 Kg5 45. c4 Kf4 46. c5 f5 47. c6 fxe4 48. c7 g2 49. Rd1 e3 50. c8=Q e2 51. Re1 Ke3 52. Qc5+ Kd3 53. Qf2 e4 54. Qxe2+ Kd4 55. Qxe4+ Kc5 56. Rc1+ Kb6 57. Rc6+ 1-0


[Site "https://www.chess.com"]

[Event "Titled Tuesday Blitz March 22 Late 2022"]
[White "Kujawski, Adam"]
[Black "Thavandiran, Shiyam"]
[WhiteFideId "1100920"]
[BlackFideId "2605058"]
[WhiteElo "2053"]
[BlackElo "2357"]
[Result "0-1"]
[Round "01"]
[TimeControl "180+1"]
[Date "2022.03.22"]
[WhiteClock "0:00:02"]
[BlackClock "0:00:44"]

1. e4 e6 2. d4 d5 3. Nc3 Nf6 4. Bg5 dxe4 5. Nxe4 Nbd7 6. Nf3 h6 7. Nxf6+ Nxf6 8. Be3 Nd5 9. Qd2 Be7 10. Bd3 Nxe3 11. fxe3 O-O 12. O-O c5 13. c3 b6 14. Be4 Rb8 15. Ne5 Bb7 16. Bxb7 Rxb7 17. Nc6 Qd5 18. Nxe7+ Rxe7 19. Qe2 e5 20. e4 exd4 21. exd5 Rxe2 22. cxd4 cxd4 23. Rad1 Re4 24. Kf2 Rd8 25. Kf3 Re3+ 26. Kf4 g5+ 27. Kg4 Rxd5 28. Rf6 Re4+ 29. Kf3 Re6 30. Rxe6 fxe6 31. Ke4 Kf7 32. Kd3 Ke7 33. Rc1 Kd7 34. Rf1 Rf5 35. Re1 Rf2 0-1


[Site "https://www.chess.com"]

[Event "Titled Tuesday Blitz March 22 Late 2022"]
[White "Levitskiy, Andrey"]
[Black "Babazada, Khazar"]
[WhiteFideId "14132885"]
[BlackFideId "13413554"]
[WhiteElo "2301"]
[BlackElo "2418"]
[Result "0-1"]
[Round "01"]
[TimeControl "180+1"]
[Date "2022.03.22"]
[WhiteClock "0:00:06"]
[BlackClock "0:01:43"]

1. d4 Nf6 2. Bf4 g6 3. e3 Bg7 4. Nf3 O-O 5. Be2 d6 6. O-O Nbd7 7. h3 Re8 8. Nc3 b6 9. Bh2 Bb7 10. a4 a5 11. Re1 e5 12. d5 Nc5 13. Bb5 Nfd7 14. e4 Rf8 15. Bxd7 Qxd7 16. Nb5 h6 17. c3 f5 18. Nd2 Rf7 19. b4 axb4 20. cxb4 Nd3 21. Re3 fxe4 22. Nxe4 Nxb4 23. Nbc3 Raf8 24. Rb1 Na6 25. a5 Qd8 26. axb6 cxb6 27. Qb3 Nc5 28. Qxb6 Qxb6 29. Rxb6 Nxe4 30. Rxe4 Rxf2 31. Bg3 Rf1+ 32. Kh2 Bc8 33. Rxd6 Bf5 34. Re1 Rxe1 35. Bxe1 e4 36. Ne2 Be5+ 37. Bg3 Bxd6 38. Bxd6 Rd8 39. Bf4 g5 40. Be3 Rxd5 41. Nd4 Kf7 42. g4 Bg6 43. Kg3 Ra5 44. h4 Ra3 45. Kf2 gxh4 46. Bf4 h3 47. Ne2 Rf3+ 48. Kg1 e3 49. Bg3 Bd3 50. Nf4 Rxg3+ 51. Kh2 e2 52. Kxg3 e1=Q+ 53. Kxh3 Bf1+ 54. Ng2 Qf2 0-1


[Site "https://www.chess.com"]

[Event "Titled Tuesday Blitz March 22 Late 2022"]
[White "Lopez Del Alamo, Antonio"]
[Black "Kaasen, Tor Fredrik"]
[WhiteFideId "2227339"]
[BlackFideId "1516647"]
[WhiteElo "2082"]
[BlackElo "2335"]
[Result "0-1"]
[Round "01"]
[TimeControl "180+1"]
[Date "2022.03.22"]
[WhiteClock "0:00:04"]
[BlackClock "0:00:09"]

1. e4 c5 2. Nf3 d6 3. d4 cxd4 4. Nxd4 Nf6 5. Nc3 a6 6. Be2 e5 7. Nb3 Be7 8. Be3 Be6 9. Nd5 Bxd5 10. exd5 O-O 11. c4 Nbd7 12. O-O Ne8 13. Qd2 g6 14. Na5 Qc7 15. b4 f5 16. f3 Rc8 17. Rac1 b6 18. Nb3 Nef6 19. Rfd1 f4 20. Bf2 e4 21. fxe4 Nxe4 22. Qe1 Bf6 23. Bf3 Nxf2 24. Qxf2 Ne5 25. c5 bxc5 26. bxc5 dxc5 27. d6 Qg7 28. Bd5+ Kh8 29. Nxc5 f3 30. Bxf3 Nxf3+ 31. gxf3 Qf7 32. d7 Rcd8 33. Qd2 Be5 34. Qd3 Qf4 35. Rc2 Qg5+ 36. Rg2 Bxh2+ 37. Kxh2 Qxc5 38. Qd4+ Qxd4 39. Rxd4 Rxf3 40. Re2 Kg7 41. Re8 Rf8 42. Re6 Rf7 43. Rxa6 Rfxd7 44. Rb4 h5 45. Ra3 Rd2+ 46. Kh3 R2d3+ 47. Rxd3 Rxd3+ 48. Kh4 Kh6 49. Rb6 Rd4+ 50. Kh3 Ra4 51. Rb2 Ra3+ 52. Kh2 h4 53. Kg2 Kh5 54. Kh2 g5 55. Kg2 h3+ 56. Kh2 Kh4 57. Kg1 g4 58. Kh1 Rc3 0-1


[Site "https://www.chess.com"]

[Event "Titled Tuesday Blitz March 22 Late 2022"]
[White "Luo, Terry"]
[Black "Coelho, Ramyres Santana"]
[WhiteFideId "30931045"]
[BlackFideId "2120690"]
[WhiteElo "2024"]
[BlackElo "1888"]
[Result "1-0"]
[Round "01"]
[TimeControl "180+1"]
[Date "2022.03.22"]
[WhiteClock "0:02:11"]
[BlackClock "0:00:09"]

1. d4 Nf6 2. c4 g6 3. Nc3 Bg7 4. e4 d6 5. Nf3 O-O 6. Be2 e5 7. O-O Nc6 8. d5 Ne7 9. Ne1 Nd7 10. Be3 f5 11. f3 f4 12. Bf2 g5 13. Rc1 Ng6 14. c5 g4 15. cxd6 g3 16. hxg3 fxg3 17. Bxg3 cxd6 18. Nb5 Qg5 19. Bh2 Nf6 20. Nxd6 Bh3 21. Kh1 Nh5 22. gxh3 Ng3+ 23. Bxg3 Qxg3 24. Ng2 Qxh3+ 25. Kg1 Nh4 26. Nxh4 Qxh4 27. Rf2 Rf6 28. Nf5 Rg6+ 29. Rg2 Rxg2+ 30. Kxg2 Qg5+ 31. Kf1 Rf8 32. Rc7 Bf6 33. Qc1 Qh5 34. Qh6 Qxh6 35. Nxh6+ Kh8 36. d6 Bg5 37. Nf7+ 1-0


[Site "https://www.chess.com"]

[Event "Titled Tuesday Blitz March 22 Late 2022"]
[White "Manukian, Artak"]
[Black "Bachmann, Axel"]
[WhiteFideId "13301373"]
[BlackFideId "3700488"]
[WhiteElo "2430"]
[BlackElo "2587"]
[Result "1-0"]
[Round "01"]
[TimeControl "180+1"]
[Date "2022.03.22"]
[WhiteClock "0:00:14"]
[BlackClock "0:00:02"]

1. e4 c5 2. Nf3 d6 3. Bb5+ Nd7 4. O-O a6 5. Bd3 Ngf6 6. a4 b6 7. Re1 Bb7 8. c3 e6 9. Bc2 c4 10. b4 b5 11. d4 cxd3 12. Bxd3 Be7 13. axb5 axb5 14. Rxa8 Qxa8 15. Bxb5 Bxe4 16. Nbd2 Bc6 17. Bxc6 Qxc6 18. c4 O-O 19. b5 Qb7 20. Ba3 Ra8 21. Qb3 Bf8 22. Nd4 d5 23. Bxf8 Rxf8 24. Nc6 dxc4 25. Nxc4 Nd5 26. g3 Qc7 27. Rc1 h6 28. Ne3 N7b6 29. Nxd5 Nxd5 30. Qc4 Qb6 31. Qc5 Qxc5 32. Rxc5 Kh7 33. Nd4 Rb8 34. f4 Kg6 35. Kf2 Nf6 36. Kf3 Nd7 37. Rc7 Nf6 38. Nc6 1-0


[Site "https://www.chess.com"]